 Dungeon Crawl Stone Soup version 0.25.0-41-g26779e291d (webtiles) character file.

Game seed: 15791500902781551738

194 Ethylacetat the Stinger (level 5, -5/31 HPs)
             Began as an Octopode Venom Mage on July 10, 2020.
             Slain by a centaur (9 damage)
             ... on level 3 of the Dungeon.
             The game lasted 00:08:19 (3012 turns).

Ethylacetat the Stinger (Octopode Venom Mage)       Turns: 3012, Time: 00:08:19

Health: -5/31      AC:  1    Str:  8    XL:     5   Next: 73%
Magic:  12/18      EV: 13    Int: 18    God:
Gold:   148        SH:  0    Dex: 12    Spells: 8/9 levels left

rFire    + . .     SeeInvis .   s - +4 flail (holy)
rCold    + . .     Gourm    .   (no shield)
rNeg     . . .     Faith    .   (helmet restricted)
rPois    +         Spirit   .   g - amulet of inaccuracy (curse)
rElec    +         Reflect  .   f - +4 ring of slaying
rCorr    +         Harm     .   h - ring of attention (curse)
MR       .....                  l - ring of magical power
Stlth    ++........             (no ring)
HPRegen  0.10/turn              (no ring)
MPRegen  0.16/turn              (no ring)
                                (no ring)
                                (no ring)

@: resistant, invisible
A: almost no armour, stealthy swim, amphibious, 8 rings, constrict 8, camouflage
1, gelatinous body 1
a: no special abilities


You were on level 3 of the Dungeon.
You were not hungry.

You visited 1 branch of the dungeon, and saw 3 of its levels.

You collected 148 gold pieces.

Inventory:

Hand Weapons
 s - a +4 flail of holy wrath (weapon)
Jewellery
 f - a +4 ring of slaying (left tentacle)
 g - a cursed amulet of inaccuracy (around mantle)
 h - a cursed ring of attention (right tentacle)
 l - a ring of magical power (on tentacle)
Wands
 k - a wand of disintegration (11)
Scrolls
 a - a scroll of enchant weapon {unknown}
 c - 3 scrolls of identify {unknown}
 j - 2 scrolls of fog {unknown}
 m - 3 scrolls of remove curse {unknown}
Potions
 e - a potion of resistance
 n - a potion of haste {unknown}
 o - a potion of curing {unknown}
 p - a potion of ambrosia {unknown}
 r - a potion of brilliance {unknown}
 t - a potion of berserk rage {unknown}
Comestibles
 b - 3 rations
 q - 8 chunks of flesh


   Skills:
 + Level 0.1 Maces & Flails
 - Level 2.0 Dodging
 - Level 2.6 Stealth
 + Level 2.9 Spellcasting
 * Level 3.4 Transmutations
 * Level 5.4 Poison Magic


You had 8 spell levels left.
You knew the following spells:

 Your Spells              Type           Power        Failure   Level  Hunger
a - Sting                 Tmut/Pois      ###.         2%          1    None

Your spell library contained the following spells:

 Spells                   Type           Power        Failure   Level  Hunger
 Poisonous Vapours        Pois/Air       ##....       9%          2    ##.....
 Ignite Poison            Fire/Tmut/Pois ##......     14%         3    ###....
 Olgreb's Toxic Radiance  Pois           ###.....     17%         4    ####...
 Mephitic Cloud           Conj/Pois/Air  #.......     24%         3    ###....


Dungeon Overview and Level Annotations

Branches:
Dungeon (3/15)

Altars:
Fedhas


Innate Abilities, Weirdness & Mutations

You cannot wear most types of armour.
You are very stealthy in the water. (Stealth+)
You are amphibious.
You can wear up to eight rings at the same time.
You can use your tentacles to constrict eight enemies at once.
Your skin changes colour to match your surroundings (Stealth+).
Your rubbery body absorbs attacks. (AC +1, EV +1)


Message History

The centaur hits you but does no damage.
The orc closely misses you. The centaur hits you! The orc barely misses you.
You barely miss the centaur. The centaur hits you.
The orc barely misses you. x2
The centaur closely misses you.
Casting: Sting (safe; 2% risk of failure)
Confirm with . or Enter, or press ? or * to list all spells.
Aiming: Sting (safe; 2% risk of failure)
Press: ? - help, Shift-Dir - straight line, f/p - orc
Aim: an orc, wielding a +0 dagger (moderately wounded, poisoned)
The sting hits the orc.
The orc looks even sicker.
The orc is moderately wounded.
The orc hits you with a +0 dagger.
* * * LOW HITPOINT WARNING * * *
The centaur closely misses you. The orc barely misses you.
It was a potion of invisibility.
You fade into invisibility!
The centaur hits you.
* * * LOW HITPOINT WARNING * * *
The orc closely misses you. x2; The centaur hits you!
You die...

#### ...# ########...###
#......[......
#....oo....##.#
#....@co(..##.#
#########....##.#
#......!.....##.#
#....$..(.#####K#
#.....o...# #.# .
#......(.######.#####...
#....>........).........
#...c.........#.#.###...
#.[.oo...####.#.#.# ...


You could see a centaur and 3 orcs.

Vanquished Creatures
  An orc priest (D:3)
  An orc wizard (D:3)
  5 adders
  An ooze (D:3)
  A worm (D:2)
  A dart slug (D:2)
  2 leopard geckos
  11 orcs (D:3)
  2 ball pythons
  4 giant cockroaches
  9 goblins
  8 hobgoblins
  3 jackals (D:1)
  5 kobolds
  9 bats
  A frilled lizard (D:2)
  10 rats
74 creatures vanquished.

Notes
Turn   | Place    | Note
-------+----------+-------------------------------------------
     0 | D:1      | Ethylacetat the Octopode Venom Mage began the quest for the
                  | Orb.
     0 | D:1      | Reached XP level 1. HP: 11/11 MP: 3/3
    90 | D:1      | Reached XP level 2. HP: 8/17 MP: 0/5
   311 | D:1      | Reached skill level 4 in Poison Magic
   702 | D:1      | Reached XP level 3. HP: 17/21 MP: 6/6
  1727 | D:2      | Found a blossoming altar of Fedhas.
  2190 | D:2      | Reached XP level 4. HP: 21/27 MP: 7/7
  2322 | D:2      | Found a faded altar of an unknown god.
  2757 | D:3      | Reached skill level 5 in Poison Magic
  2766 | D:3      | Reached XP level 5. HP: 27/31 MP: 9/9
  2993 | D:3      | Noticed a centaur
  3012 | D:3      | Slain by a centaur

Illustrated notes

Levels and vault maps discovered:
D:1:      ebering_trefoil_3fold, layout_loops_ring
D:2:      layout_loops_ring, fedhas_ov_isle_minmay,
          chequers_ecumenical_altar_grove
D:3:      layout_basic, portal_sewer_entry_e

Skill      XL: |  1  2  3  4 |
---------------+-------------+-----
Poison Magic   | 4 5 |  5.4
Transmutations | 2 3 |  3.4
Maces & Flails | |  0.1
Dodging        | |  2.0
Stealth        | |  2.6
Spellcasting   | |  2.9

Action                   |  1- 3 |  4- 6 || total
-------------------------+-------+-------++-------
Melee: Unarmed           |    43 |     6 ||    49
       Constrict         |    12 |     3 ||    15
       Tentacles         |     8 |     2 ||    10
       Flail             |       |     7 ||     7
 Cast: Sting             |    68 |    65 ||   133
  Use: Potion            |       |     3 ||     3
 Stab: Sleeping          |     4 |       ||     4
  Eat: Chunk             |     4 |     3 ||     7
Armor: Skin              |    12 |     2 ||    14
Dodge: Dodged            |    49 |    43 ||    92
